Cogmind - Beta 9.4 @@@ ROGUE MODE // 2020.02.04 @ 21:49:13 // AFD2018/Launchers Player: sideriver81 Result: Self-destructed Performance ------------- Evolutions (3) 1500 Regions Visited (4) 800 Robots Destroyed (21) 105 Value Destroyed (553) 553 Prototype IDs (3) 60 Alien Tech Used (0) 0 Bonus (22) 22 TOTAL SCORE: 3040 Bonus ------- High Alert Combat Kills 22 Cogmind --------- Core Integrity 335/700 Matter 127/300 Energy 99/100 System Corruption 3% Temperature Cool (0) Movement Core (50) Location -7/Factory Parts ------- > --- POWER (2) -------- (None) > --- PROPULSION (4) --- (None) > --- UTILITY (5) ------ (None) > --- WEAPON (2) ------- (None) > --- INVENTORY (4) ---- Advanced EMP Blaster Proton Missile Launcher Heavy Missile Launcher Rocket Array Peak State ------------ > --- POWER ------------ (None) > --- PROPULSION ------- (None) > --- UTILITY ---------- Improved Terrain Scan Processor > --- WEAPON ----------- Advanced EMP Blaster Mini Grenade Launcher > --- INVENTORY -------- Medium Matter Pod Shock Bomb Launcher Shock Bomb Launcher Mini Grenade Launcher [Rating: 9] Favorites ----------- Power None Propulsion Flight Unit Flight Unit Flight Unit Utility Improved Terrain Scan Processor Processor Improved Terrain Scan Processor Weapon Mini Grenade Launcher Launcher Mini Grenade Launcher Build | -11 -10 -9 -8 -7 ------- Run | Scr Mat Mat Mat Fac Slots Evolved 6 | . . 2 2 2 Power 1 | . . . 1 . Propulsion 2 | . . 1 1 . Utility 3 | . . 1 . 2 Weapon . | . . . . . Parts Attached 11 | . 1 3 4 3 Power . | . . . . . Engine . | . . . . . Core . | . . . . . Reactor . | . . . . . Propulsion 1 | . 1 . . . Treads . | . . . . . Leg . | . . . . . Wheel . | . . . . . Hover . | . . . . . Flight 1 | . 1 . . . Utility 1 | . . 1 . . Device . | . . . . . Storage . | . . . . . Processor 1 | . . 1 . . Hackware . | . . . . . Protection . | . . . . . Artifact . | . . . . . Weapon 9 | . . 2 4 3 Energy Gun . | . . . . . Energy Cannon . | . . . . . Ballistic Gun . | . . . . . Ballistic Cannon . | . . . . . Launcher 9 | . . 2 4 3 Special Weapon . | . . . . . Impact Weapon . | . . . . . Slashing Weapon . | . . . . . Piercing Weapon . | . . . . . Special Melee Weapon . | . . . . . Unidentified Prototypes 3 | . . . 1 2 Parts Lost 4 | . . 1 2 1 Power . | . . . . . Propulsion 1 | . . 1 . . Utility 1 | . . . . 1 Weapon 2 | . . . 2 . Highest Loss Streak 2 | . . 1 2 1 Average Slot Usage (%) 15 | . 18 34 15 2 Flight 2 | . 4 8 . . Processor 6 | . . 11 9 2 Launcher 6 | . 14 15 6 . Naked Turns 106 | . . . . 106 Heaviest Build 4 | 3 3 4 1 . Greatest Support 4 | 3 4 4 3 3 Greatest Overweight (x) . | . . . . . Average Overweight (x) . | . . . . . Largest Inventory Capacity 4 | 4 4 4 4 4 Average Capacity 4 | 4 4 4 4 4 Most Carried 4 | 4 4 4 4 4 Average Carried 3 | 4 3 3 3 3 Final Capacity 4 | 4 4 4 4 4 Final Carried 4 | 4 4 4 3 4 Class Distribution -------------------- 100% | Mutant Dominant Class ---------------- Mutant | -10/Materials Mutant | -9/Materials Mutant | -8/Materials Mutant | -7/Factory Resources | -11 -10 -9 -8 -7 ----------- Run | Scr Mat Mat Mat Fac Matter Collected 295 | 73 12 61 149 . Remotely . | . . . . . Salvage Created 351 | 73 65 61 152 . Parts 24 | 1 11 3 9 . Haulers Intercepted . | . . . . . Recyclers Shooed . | . . . . . Parts Field Recycled . | . . . . . Retrieved Matter . | . . . . . Parts Self-Destructed . | . . . . . Prevented . | . . . . . Kills | -11 -10 -9 -8 -7 ------- Run | Scr Mat Mat Mat Fac Combat Hostiles Destroyed 16 | . 6 2 8 . AOE 16 | . 6 2 8 . Classes Destroyed 9 | 1 5 . 3 . Worker 1 | . 1 . . . Builder 1 | . 1 . . . Recycler 1 | 1 . . . . Operator 1 | . . . 1 . Watcher 1 | . 1 . . . Swarmer 7 | . 4 . 3 . Grunt 7 | . 2 2 3 . Duelist 1 | . . . 1 . Sentry 1 | . . . 1 . Best Kill Streak 9 | 1 9 2 4 . Combat Bots Only 6 | . 6 2 4 . Max Kills in Single Turn 3 | 1 3 2 3 . Gunslinging . | . . . . . Exploded 3 | . 2 2 3 . Melee . | . . . . . Uniques/NPCs Destroyed . | . . . . . Combat | -11 -10 -9 -8 -7 -------- Run | Scr Mat Mat Mat Fac Damage Taken 1258 | . 56 180 628 394 Core 982 | . 22 94 501 365 Absorbed by Shields . | . . . . . Core Remaining (%) 68 | 100 91 76 8 . Volleys Fired 20 | 1 5 2 11 1 Largest 1 | 1 1 1 1 1 Hottest 36 | 30 30 33 36 36 Shots Fired 20 | 1 5 2 11 1 Gun . | . . . . . Cannon . | . . . . . Launcher 20 | 1 5 2 11 1 Special . | . . . . . Kinetic . | . . . . . Thermal . | . . . . . Explosive 17 | 1 5 1 10 . Electromagnetic 3 | . . 1 1 1 Robot Hit Streak 6 | . 2 . 6 . Robot Miss Streak 2 | 1 2 . 1 . Penetration Max . | . . . . . Secondary Targets . | . . . . . Shots Hit Robots 10 | . 2 . 8 . Core Hits 33 | 1 12 4 16 . Critical Hits . | . . . . . Critical Kills . | . . . . . Critical Parts Destroyed . | . . . . . Melee Attacks . | . . . . . Impact . | . . . . . Slashing . | . . . . . Piercing . | . . . . . Sneak Attacks . | . . . . . Combat Hostiles . | . . . . . Follow-up Attacks . | . . . . . Damage Inflicted 1895 | 45 526 147 1088 89 Guns . | . . . . . Cannons . | . . . . . Explosions 1895 | 45 526 147 1088 89 Melee . | . . . . . Ramming . | . . . . . Kinetic . | . . . . . Thermal 139 | . 37 . 102 . Explosive 1679 | 45 489 116 944 85 Electromagnetic 77 | . . 31 42 4 Impact . | . . . . . Slashing . | . . . . . Piercing . | . . . . . Highest Corruption 3 | . . . . 3 Average Corruption 1 | . . . . 1 Corruption Purged . | . . . . . Effects 1 | . . . . 1 Matter Fused 1 | . . . . 1 Overload Shots . | . . . . . Overflow Damage 100 | . 28 . 62 10 Projectiles . | . . . . . Explosions 100 | . 28 . 62 10 Melee . | . . . . . Knockbacks . | . . . . . Impact . | . . . . . Kinetic . | . . . . . Secondary . | . . . . . Self-Inflicted Damage 92 | . . . 49 43 Shots 4 | . . . 2 2 Rammed . | . . . . . Targets Rammed . | . . . . . Kicked . | . . . . . Crushed . | . . . . . Highest Temperature 5 | . 5 . . . Average Temperature 5 | . 5 . . . Received Heat Transfer 330 | . 6 81 207 36 Siege Activations . | . . . . . Robots Corrupted . | . . . . . Combat Hostiles . | . . . . . Parts Fried . | . . . . . Impact Corruptions . | . . . . . Robots Melted . | . . . . . Combat Hostiles . | . . . . . Parts Melted . | . . . . . Heat Transferred 150 | . 50 . 100 . Parts Sabotaged . | . . . . . Parts Stolen . | . . . . . Parts Stripped . | . . . . . Power Chain Reactions . | . . . . . Missiles Intercepted . | . . . . . Alert | -11 -10 -9 -8 -7 ------- Run | Scr Mat Mat Mat Fac Peak Influence 503 | 5 242 236 503 317 Average Influence 236 | 5 120 150 293 272 Maximum Alert Level 2 | . 1 1 2 1 Low Security (%) 35 | 100 62 72 38 . Level 1 55 | . 37 27 33 100 Level 2 9 | . . . 28 . Level 3 . | . . . . . Level 4 . | . . . . . Level 5 . | . . . . . High Security . | . . . . . Max Security . | . . . . . Squads Dispatched 7 | . 1 1 3 2 Investigation 4 | . 1 . 2 1 Extermination . | . . . . . Reinforcement 3 | . . 1 1 1 Assault . | . . . . . Garrison . | . . . . . Intercept . | . . . . . Construction Impeded 1 | . . 1 . . Haulers Reinforced . | . . . . . Stealth | -11 -10 -9 -8 -7 --------- Run | Scr Mat Mat Mat Fac Distress Signals 5 | . 1 . 3 1 Communications Jammed . | . . . . . Distress Signals . | . . . . . Times Spotted 58 | . 10 11 26 11 Peak Tracking Total 12 | . 10 7 12 8 Tactical Retreats 7 | . . 1 4 2 Traps | -11 -10 -9 -8 -7 ------- Run | Scr Mat Mat Mat Fac Traps Triggered 1 | . . . 1 . Indirectly . | . . . . . Trap Hack Attempts . | . . . . . Triggered . | . . . . . Disarmed . | . . . . . Reprogrammed . | . . . . . Reused . | . . . . . Traps Extracted . | . . . . . Installed . | . . . . . Triggered 1 | . . . 1 . Machines | -11 -10 -9 -8 -7 ---------- Run | Scr Mat Mat Mat Fac Machines Disabled 7 | . 2 . 3 2 Max in Single Turn 2 | . 2 . 1 2 Machines Sabotaged . | . . . . . Garrisons Compromised . | . . . . . Overloaded Fab Kills . | . . . . . Fab Network Shutdowns . | . . . . . Hacking | -11 -10 -9 -8 -7 --------- Run | Scr Mat Mat Mat Fac Machines Accessed 13 | . 2 4 6 1 Terminals 10 | . 2 3 5 . Fabricators 1 | . . . . 1 Repair Stations . | . . . . . Recycling Units 2 | . . 1 1 . Scanalyzers . | . . . . . Garrison Access . | . . . . . Total Hacks 44 | . 11 7 22 4 Successful 20 | . 5 5 9 1 Failed 23 | . 5 2 13 3 Catastrophic 1 | . . . . 1 Database Lockouts 1 | . 1 . . . Manual 31 | . 8 6 17 . Terminals 35 | . 11 6 18 . Fabricators 4 | . . . . 4 Repair Stations . | . . . . . Recycling Units 5 | . . 1 4 . Scanalyzers . | . . . . . Garrison Access . | . . . . . Terminal Hacks 7 | . 3 1 3 . Part Schematic 3 | . 1 . 2 . Level Access Points 1 | . 1 . . . Locate Traps 2 | . 1 1 . . Recall Investigation 1 | . . . 1 . Fabricator Hacks 1 | . . . . 1 Load Schematic 1 | . . . . 1 Repair Station Hacks . | . . . . . Recycling Unit Hacks 4 | . . 1 3 . Process 1 | . . . 1 . Report Inventory 1 | . . . 1 . Retrieve Matter 1 | . . . 1 . Retrieve Components 1 | . . 1 . . Scanalyzer . | . . . . . Garrison Access Hacks . | . . . . . Unauthorized Hacks 26 | . 5 8 13 . Terminals 8 | . 2 3 3 . Assimilate 1 | . . 1 . . Botnet 7 | . 2 2 3 . Fabricators . | . . . . . Repair Stations . | . . . . . Recycling Units . | . . . . . Scanalyzers . | . . . . . Garrison Access . | . . . . . Data Cores Recovered . | . . . . . Used . | . . . . . Hacking Detections 12 | . 2 4 5 1 Full Trace Events 2 | . . . 1 1 Feedback Events . | . . . . . Feedback Blocked . | . . . . . Robot Schematics Acquired . | . . . . . Robots Built . | . . . . . Matter . | . . . . . Time . | . . . . . Total Robot Build Rating . | . . . . . Part Schematics Acquired 3 | . 1 . 2 . Parts Built . | . . . . . Matter . | . . . . . Time . | . . . . . Total Part Build Rating . | . . . . . Parts Repaired . | . . . . . Time . | . . . . . Parts Recycled . | . . . . . Recycled Matter 12 | . . . 12 . Retrieved Matter 12 | . . . 12 . Retrieved Components 1 | . . 1 . . Parts Scanalyzed . | . . . . . Part Schematics Acquired . | . . . . . Parts Damaged . | . . . . . Bothacking | -11 -10 -9 -8 -7 ------------ Run | Scr Mat Mat Mat Fac Used RIF Installer . | . . . . . Robots Hacked . | . . . . . Non-combat . | . . . . . Combat . | . . . . . Robot Hacks Applied . | . . . . . Relay Couplers Released . | . . . . . Robots Rewired . | . . . . . Allies Hacked . | . . . . . Hacks Repelled . | . . . . . Allies | -11 -10 -9 -8 -7 -------- Run | Scr Mat Mat Mat Fac Total Allies 1 | . . 1 . . Largest Group 1 | . . 1 . . Highest-Rated Group 10 | . . 10 . . Highest-Rated Ally 10 | . . 10 . . Total Orders . | . . . . . Ally Attacks . | . . . . . Total Damage . | . . . . . Kills . | . . . . . Allies Corrupted 1 | . . 1 . . Allies Melted . | . . . . . Intel | -11 -10 -9 -8 -7 ------- Run | Scr Mat Mat Mat Fac Robot Analysis Total . | . . . . . Derelict Logs Recovered . | . . . . . Drone Launches . | . . . . . Drone Recoveries . | . . . . . Exploration | -11 -10 -9 -8 -7 ------------- Run | Scr Mat Mat Mat Fac Turns Passed 553 | 8 53 113 189 190 Spaces Moved 994 | 11 86 224 315 358 Core 796 | 11 54 58 315 358 Treads . | . . . . . Legs . | . . . . . Wheels . | . . . . . Hover . | . . . . . Flight 198 | . 32 166 . . Fastest Speed 40 | 50 40 40 50 50 Average Speed 48 | 50 46 42 50 50 Slowest Speed 50 | 50 50 50 50 50 Overloaded Moves . | . . . . . Propulsion Burnouts . | . . . . . Robots Hopped 4 | . . 4 . . Cave-ins Triggered . | . . . . . Exploration Rate (%) 24 | 3 34 32 40 13 Regions Visited 4 Branch Regions . Pre-discovered Areas . | . . . . . Known Exits Taken 1 | . 1 . . . Unknown Exits Taken 3 | 1 . 1 1 . Scrap Searched . | . . . . . Spaces Dug . | . . . . . Terrain Destroyed 179 | 4 33 . 109 33 Melee . | . . . . . Projectile . | . . . . . AOE 179 | 4 33 . 109 33 Actions | -11 -10 -9 -8 -7 --------- Run | Scr Mat Mat Mat Fac Total 1046 | 12 93 236 336 369 Wait 3 | . . 3 . . Move 982 | 10 85 215 314 358 Hop 4 | . . 4 . . Pick Up 8 | . 1 3 2 2 Fast Attach 7 | . 1 2 2 2 Attach 3 | . . . 2 1 Detach 5 | . . 1 2 2 Swap 1 | . . 1 . . Drop 13 | 1 1 5 3 3 Fire 20 | 1 5 2 11 1 Melee . | . . . . . Ram . | . . . . . Kick . | . . . . . Crush . | . . . . . Escape Stasis . | . . . . . Rewire . | . . . . . Trap . | . . . . . Miscellaneous . | . . . . . Route ------- -11/Scrapyard -10/Materials (discovered 3 exits: *Mat x3) -9/Materials -8/Materials -7/Factory History --------- Turn | Location | Event 1 | -11/Scrapyard | Discovered new exit (range 2) 9 | -11/Scrapyard | Entered Materials 15 | -10/Materials | Central database locked down 42 | -10/Materials | Identified exit to Materials 62 | -10/Materials | Entered another Materials area 62 | -9/Materials | Evolved 2 slots: Propulsion x1, Utility x1 172 | -9/Materials | Discovered new exit (range 7) 175 | -9/Materials | Entered another Materials area 175 | -8/Materials | Evolved 2 slots: Power x1, Propulsion x1 301 | -8/Materials | Build established: Mutant 321 | -8/Materials | Core integrity fell below 50% 333 | -8/Materials | Core integrity fell below 20% 356 | -8/Materials | Discovered new exit (range 16) 364 | -8/Materials | Entered Factory 364 | -7/Factory | Evolved 2 slots: Utility x2 368 | -7/Factory | Found Prototype Launcher 368 | -7/Factory | Identified Rocket Array 551 | -7/Factory | Core integrity fell below 50% 554 | -7/Factory | Self-destructed Last Messages --------------- 00446_ Imp. Terrain Scan Processor destroyed. 00446_ Destroyed Imp. Terrain Scan Processor. 00448_ U-05 Engineer lays Concrete. 00449_ K-01 Serf collects debris. 00449_ U-05 Engineer lays Concrete. 00453_ K-01 Serf collects debris. 00454_ U-05 Engineer lays Concrete. 00455_ K-01 Serf collects debris. 00455_ U-05 Engineer lays Concrete. 00456_ K-01 Serf collects debris. 00463_ W-25 Informer sends out distress signal. 00471_ ALERT: Hostiles spotted, dispatching reinforcements to Terminal F008. 00503_ Acquired Prototype Launcher. 00503_ Identified Prc. Grenade Launcher. 00503_ Malfunction: System corrupted (+2). 00504_ Dropped Faulty Prc. Grenade Launcher. 00521_ System corrupted: Matter fused (-6). 00538_ Slug penetrates Wall. 00550_ Penetrated by Slug. Map ----- +----------------------------------------------------+ | ???????????????????# #?#] ] ] #?????# #?? ? | | ???????????????????# #?# #?????# #?? ?? | | ???????????????????# #??? ####### #? """ "" | | #############+###### ##???? # #? """ "" | | #######+## # """ "" | | # | | + """ | | # """ | | ########## # """ ]] | | #############+##### #????????# #? ]? | | ??????????????????# #????????####+####? """ ]] | | ??????????????????# #???????????????????""" | | ??????????????????# #???????????????????""" | | ??????????????????# #???????????????????? ? | | ??????????????????# #????????????????????# ??? | | ??????????????????# #????????????????????????? | | ??????????????????# #????????????????????????? | | ??????########????# ##############???????????? | | ?????? ???# # #???????????? | | ?????# ] ???# # ] #???????????? | | ?????# ??# # #???????????? | | ?????# ??# # #???????????? | | ?????# ?# # #???????????? | | ?????# ?# # #???????????? | | ?????# # # #???????????? | | ?????# # #@ #???????????? | | ?????# " + #???????????? | | ?????# # # #???????????? | | ?????# # # ] #???????????? | | ?????# ?# # #???????????? | | ?????################+################???????????? | | ??????????????# #???????????????????? | | ??????????????# ]#???????????????????? | | ??????????????# """ """ """ #???????????????????? | | ??????????????# """ """ """ #???????????????????? | | ??????????????# """ """ """ #???????????????????? | | ??????????????# #???????????????????? | | ???????????????#############?????????????????????? | | ?????????????????????????????????????????????????? | | ?????????????????????????????????????????????????? | | ?????????????????????????????????????????????????? | | ?????????????????????????????????????????????????? | | ?????????????????????????????????????????????????? | | ?????????????????????????????????????????????????? | | ?????????????????????????????????????????????????? | | ?????????????????????????????????????????????????? | | ?????????????????????????????????????????????????? | | ?????????????????????????????????????????????????? | | ?????????????????????????????????????????????????? | | ?????????????????????????????????????????????????? | +----------------------------------------------------+ Best States ------------- Heat Dissipation 34 Energy Generation 5 Energy Capacity 100 Matter Stores 163 Matter Capacity 300 Sight Range 16 Terrain Scan Density 110 Evasion (%) 62 Item Schematics ----------------- Med. Storage Unit | -10/Materials | Hacked Hacking Suite | -8/Materials | Hacked Cesium-ion Thruster | -8/Materials | Hacked Robot Schematics ------------------ None Fabricated ------------ Nothing Alien Tech Used ----------------- None Achievements -------------- None Challenges ------------ None Game ------ Seed HardlightRemoteShield Manual? 0 Play Time 00:16:12 Cumulative 301.2 hours Start 2020.02.04 @ 21:35:27 End 2020.02.04 @ 21:49:13 Sessions 1 Manual Loads 0 Difficulty Rogue Special Mode AFD2018/Launchers Game No. 125 Rogue 47 Adventurer 48 Explorer 30 Win Type - Total 46 Types 30/5/4/2/2/1/2 Lore% 98 Gallery% 100 Achievement% 88 Wizard Run 0 Options --------- ASCII 0 Keyboard 0 Movement Numpad Keybinds 1 Fullscreen 0 Font 18/Terminus Map View 76x50 Tactical HUD 1 Map Filters NONE Filters NONE Steam 1 RUN: 56c2f1f6-eebf-49e6-8d90-c776f273d7ff